 Dungeon Crawl Stone Soup version 0.31-a0-369-g8eba5f6939 (webtiles) character file.

Game seed: 17126053459957376642

158 Flugkiller the Changeling (level 5, -5/39 HPs)
             Began as a Demonspawn Shapeshifter on July 28, 2023.
             Slain by a gnoll
             ... wielding a +0 flail
              (11 damage)
             ... on level 3 of the Dungeon.
             The game lasted 00:01:37 (1687 turns).

Flugkiller the Changeling (Demonspawn Shapeshifter) Turns: 1687, Time: 00:01:38

Health: -5/39      AC:  2    Str: 17    XL:     5   Next: 16%
Magic:  5/5        EV: 14    Int:  9    God:
Gold:   116        SH:  0    Dex: 14    Spells: 4/4 levels left

rFire   . . .        b - +4 hand axe
rCold   . . .        (no shield)
rNeg    . . .        a - +0 animal skin
rPois   .            (helmet currently unavailable)
rElec   .            (cloak currently unavailable)
rCorr   .            (gloves currently unavailable)
SInv    .            (boots currently unavailable)
Will    .....        (no amulet)
Stlth   +            (no ring)
HPRegen 0.26/turn    (no ring)
MPRegen 0.09/turn

%: no passive effects
@: beast-form
A: beast (slay +2), repulsion field 1, foul stench 1
a: Begin Untransformation


You were on level 3 of the Dungeon.
You were a hulking beast.
You visited 1 branch of the dungeon, and saw 3 of its levels.

You collected 116 gold pieces.

Inventory:

Hand Weapons
 b - a +4 hand axe (weapon)
   (You found it on level 1 of the Dungeon)
Armour
 a - a +0 animal skin (worn)
Jewellery
 f - an amulet of regeneration
   (You took it off a goblin on level 2 of the Dungeon)
Talismans
 c - a beast talisman
Scrolls
 e - a scroll of fear {unknown}
 g - a scroll of silence {unknown}
 i - a scroll of identify {unknown}
Potions
 d - a potion of degeneration {unknown}
 h - a potion of haste {unknown}
 j - a potion of brilliance {unknown}
 q - 3 potions of curing


   Skills:
 + Level 2.4 Fighting
 - Level 1.7 Dodging
 + Level 3.5 Unarmed Combat
 * Level 3.8 Shapeshifting


You had 4 spell levels left.
You didn't know any spells.
Your spell library contained the following spells:

 Spells                   Type           Power      Damage    Failure   Level
 Inner Flame              Hex/Fire       0%         N/A       77%         3
 Flame Wave               Conj/Fire      0%         2d4       99%         4
 Sticky Flame             Conj/Fire      0%         2d3       99%         4


Dungeon Overview and Level Annotations

Branches:
Dungeon (3/15) Zot: 16295

Altars:


Innate Abilities, Weirdness & Mutations

You are a hulking beast.
Your limbs bulge with bestial killing power. (Slay +2)
You are surrounded by a mild repulsion field. (EV +2)
You may rarely emit foul miasma when damaged in melee.


Message History

You slash the orc priest!
The orc priest is severely wounded.
You barely miss the quokka. The orc priest barely misses you.
The quokka closely misses you.
You hit the orc priest.
You kill the orc priest!
You completely miss the quokka. The quokka barely misses you.
The quokka closely misses you.
You hit the quokka.
The quokka is almost dead.
The quokka barely misses you.
You barely miss the quokka.
The quokka is almost dead.
The quokka barely misses you. The quokka bites you.
* * * LOW HITPOINT WARNING * * *
You miss the quokka. You punch the quokka.
You kill the quokka!
There is a stone staircase leading up here.
You climb upwards.
There is a stone staircase leading down here.
You start resting.
HP restored.
You climb downwards.
There is a stone staircase leading up here.
An endoplasm comes into view.
An endoplasm is nearby!
An endoplasm is nearby!
The endoplasm quivers.
The endoplasm closely misses you.
You barely miss the endoplasm. The endoplasm freezes you.
You are frozen.
You slash the endoplasm!
You kill the endoplasm!
No target in view!
No target in view!
No target in view!
Found a short sword.
No target in view!
You see here a +0 short sword.
HP restored.
Found a stone staircase leading up.
Found a stone staircase leading down.
No target in view!
No target in view!
No target in view!
No target in view!
No target in view!
There is a stone staircase leading up here.
A goblin comes into view. It is wielding a +0 club.
A goblin is nearby!
A goblin is nearby!
A gnoll comes into view. It is wielding a +0 club.
The goblin shouts!
A gnoll comes into view. It is wielding a +0 flail.
A gnoll comes into view. It is wielding a +0 spear.
A gnoll comes into view. It is wielding a +0 flail.
The gnoll shouts! x2
The goblin attacks as you move away! The goblin misses you.
You hit the goblin.
You kill the goblin!
You slash the gnoll! Your punch misses the gnoll.
The gnoll is almost dead.
The gnoll closely misses you.
You slash the gnoll!
You kill the gnoll!
You have reached level 5!
Your demonic ancestry asserts itself...
You begin to emit a foul stench of rot and decay.
You slash the gnoll!
The gnoll is severely wounded.
The gnoll barely misses you. x2
The gnoll hits you from afar with a +0 spear!
The gnoll closely misses you.
You slash the gnoll!
You kill the gnoll!
The gnoll hits you from afar with a +0 spear!
The gnoll hits you with a +0 spear.
Items here: ))) ††.
You are too injured to fight recklessly!
You are too injured to fight recklessly!
You hit the gnoll.
The gnoll is heavily wounded.
The gnoll hits you with a +0 spear.
You barely miss the gnoll.
The gnoll is heavily wounded.
The gnoll barely misses you. x2
You hit the gnoll.
The gnoll is heavily wounded.
The gnoll hits you with a +0 spear!
* * * LOW HITPOINT WARNING * * *
You completely miss the gnoll.
The gnoll is heavily wounded.
The gnoll hits you with a +0 spear.
* * * LOW HITPOINT WARNING * * *
You slash the gnoll!
You kill the gnoll!
The gnoll completely misses you. The gnoll attacks as you move away!
The gnoll hits you with a +0 flail!
You die...

#.....# #.....# #.>...#
#.....# #.....# #.....#
#.....###################
#......gh................
#...<.########..##.######
####.## ##.###.# # #.#
#).# #.# # #.# #.## #..
#g# ### ### #g# #.# #..


You could see a gnoll.

Vanquished Creatures
  An orc priest (D:3)
  Robin (D:2)
  4 gnolls
  An adder (D:2)
  A worm (D:2)
  2 orcs (D:3)
  5 endoplasms
  14 goblins
  4 hobgoblins
  5 jackals
  4 quokkas
  4 ball pythons
  4 bats
  2 frilled lizards (D:1)
  4 kobolds
  2 rats
58 creatures vanquished.

Notes
Turn   | Place    | Note
-------+----------+-------------------------------------------
     0 | D:1      | Flugkiller the Demonspawn Shapeshifter began the quest for
                  | the Orb.
     0 | D:1      | Reached XP level 1. HP: 15/15 MP: 1/1
    10 | D:1      | Noticed an electric eel
   210 | D:1      | Gained mutation: You are surrounded by a mild repulsion
                  | field. (EV +2) [demonic ancestry]
   210 | D:1      | Reached XP level 2. HP: 9/21 MP: 2/2
   292 | D:1      | Found a faded altar of an unknown god.
   393 | D:1      | Reached XP level 3. HP: 17/26 MP: 3/3
  1087 | D:2      | Noticed Robin
  1100 | D:2      | Reached XP level 4. HP: 20/33 MP: 4/4
  1104 | D:2      | Killed Robin
  1679 | D:3      | Gained mutation: You may rarely emit foul miasma when
                  | damaged in melee. [demonic ancestry]
  1679 | D:3      | Reached XP level 5. HP: 39/39 MP: 5/5
  1687 | D:3      | Slain by a gnoll

Illustrated notes

Levels and vault maps discovered:
D:1:      arrival_aquarium_a, layout_loops_ring,
          shapermc_ecumenical_altar_totnotflames, minmay_tromino_v7
D:2:      layout_basic, minmay_hedge_maze, st_stairs_11, uniq_robin
D:3:      layout_rooms, uniq_crazy_yiuf_cottage

Skill      XL: |  1  2  3 |
---------------+----------+-----
Shapeshifting  | 3 |  3.8
Unarmed Combat | 3 |  3.5
Fighting       | 2 |  2.4
Dodging        | |  1.7

Action                     |  1- 3 |  4- 6 || total
---------------------------+-------+-------++-------
  Melee: Unarmed           |    68 |       ||    68
         Punch             |     1 |     1 ||     2
         Hand axe          |    33 |    34 ||    67
    Use: Potion            |     1 |     1 ||     2
   Stab: Sleeping          |     3 |       ||     3
 Armour: Skin              |     9 |       ||     9
         Animal skin       |     9 |     3 ||    12
  Dodge: Dodged            |    69 |    33 ||   102

Table legend: (Time is in decaauts)
 A = Elapsed time spent in this place.
 B = Non-inter-level travel time spent in this place.
 C = Inter-level travel time spent in this place.
 D = Time resting spent in this place.
 E = Time spent auto-exploring this place.
 F = Levels seen in this place.
 G = Mean time per level.
                   A        B        C        D        E       F      G
               +--------+--------+--------+--------+--------+-----+--------+
         Total |   1704 |   1608 |     96 |    307 |    995 |   3 |  568.0 |
       Dungeon |   1704 |   1608 |     96 |    307 |    995 |   3 |  568.0 |
               +--------+--------+--------+--------+--------+-----+--------+

Top non-repeatable levels by time:
     D:1: 916 daAuts
     D:2: 697 daAuts
     D:3: 90 daAuts
